 Dungeon Crawl Stone Soup version bcrawl-1.36.5b (webtiles) character file.

Game seed: 15949796244768094460

373931 CuBeRJAN3 the Blocker (level 14, -2/111 HPs)
             Began as a Gnoll Fighter on Aug 23, 2022.
             Was the Champion of Okawaru.
             Succumbed to a sea snake's poison
             ... on level 6 of the Lair of Beasts.
             The game lasted 01:30:39 (20570 turns).

CuBeRJAN3 the Blocker (Gnoll Fighter)              Turns: 20570, Time: 01:30:40

Health: -2/111     AC: 28    Str: 26    XL:     14   Next: 11%
Magic:  26/26      EV: 12    Int: 11    God:    Okawaru [******]
Gold:   978        SH:  0    Dex: 16    Spells: 14/30 levels left

rFire    . . .     GDR:     36% K - +2 executioner's axe (venom)
rCold    . . .     SeeInvis .   (shield currently unavailable)
rNeg     . . .     Gourm    .   L - +2 plate armour
rPois    .         Faith    .   H - +0 helmet
rElec    +         Spirit   .   V - scarf {repulsion}
rCorr    .         Reflect  .   c - +2 pair of gloves {archery}
MR       +....                  Q - +1 pair of boots "Xunyx" {+Inv rElec Str-2}
Stlth    ..........             R - amulet of regeneration
HPRegen  1.06/turn              m - +6 ring of strength
MPRegen  0.20/turn              J - +4 ring of protection

@: lethally poisoned (-2 -> -41), very slightly contaminated, repel missiles
A: distributed training, fangs 1, strong nose
a: Heroism, Finesse, Renounce Religion, Evoke Invisibility


You were on level 6 of the Lair of Beasts.
You worshipped Okawaru.
Okawaru was exalted by your worship.
You were hungry.

You visited 3 branches of the dungeon, and saw 17 of its levels.
You also visited: Bailey and Volcano.

You collected 1068 gold pieces.
You spent 90 gold pieces at shops.

Inventory:

Hand Weapons
 a - a +3 lajatang of flaming
 b - a +0 blowgun
 K - a +2 executioner's axe of venom (weapon)
Missiles
 A - a throwing net {=f}
 E - 1093 poisoned tomahawks (quivered)
 S - 7 curare-tipped needles
Armour
 c - a +2 pair of gloves of archery (worn)
 H - a +0 helmet (worn)
 I - a +0 pair of gloves
 L - a +2 plate armour (worn)
 O - a +0 scale mail of fire resistance
 Q - the +1 pair of boots "Xunyx" (worn) {+Inv rElec Str-2}
   (You found it on level 4 of the Lair of Beasts)

   It affects your strength (-2).
   It insulates you from electricity.
   It lets you turn invisible.
 V - a scarf of repulsion (worn)
Jewellery
 l - the ring of Duothromo {+Fly rElec rF+ Str-3}
   (You found it on level 1 of the Dungeon)

   [ring of flight]

   It affects your strength (-3).
   It protects you from fire.
   It insulates you from electricity.
   It lets you fly.
 m - a +6 ring of strength (left hand)
 t - an uncursed ring of resist corrosion
 J - a +4 ring of protection (right hand)
 R - an amulet of regeneration (around neck)
Wands
 d - a wand of flame (10)
 y - a wand of acid (4)
 D - a wand of clouds (5)
 M - a wand of charming (2)
 T - a wand of polymorph (5)
 Y - a wand of scattershot (5)
Scrolls
 f - 5 scrolls of remove curse
 g - 8 scrolls of teleportation
 h - 2 scrolls of blinking
 k - 2 scrolls of fog {unknown}
 n - 3 scrolls of immolation
 o - a scroll of magic mapping {unknown}
 r - 3 scrolls of noise {unknown}
 z - 4 scrolls of amnesia
 P - 2 scrolls of fear {unknown}
Potions
 j - a potion of resistance {unknown}
 p - 3 potions of cancellation
 q - 2 potions of heal wounds
 s - 4 potions of haste {unknown}
 u - 4 potions of mutation
 v - 2 potions of ambrosia {unknown}
 x - 5 potions of curing
 B - 3 potions of lignification
 C - 5 potions of magic
 F - a potion of experience {unknown}
 G - 3 potions of berserk rage
 N - 3 potions of invisibility {unknown}
 U - a potion of brilliance {unknown}
 X - a potion of flight
Comestibles
 e - 35 rations {!d}
 i - 8 chunks of flesh


   Skills:
 + Level 10.8 Fighting
 + Level 8.8 Short Blades
 + Level 8.8 Long Blades
 + Level 8.8 Axes
 + Level 9.9 Maces & Flails
 + Level 8.8 Polearms
 + Level 8.8 Staves
 + Level 8.8 Slings
 + Level 8.8 Bows
 + Level 8.8 Crossbows
 + Level 8.8 Throwing
 + Level 10.8 Armour
 + Level 8.8 Dodging
 + Level 8.8 Stealth
 + Level 10.8 Shields
 + Level 8.8 Unarmed Combat
 + Level 8.8 Spellcasting
 + Level 7.3 Conjurations
 + Level 7.3 Hexes
 + Level 7.3 Charms
 + Level 7.3 Summonings
 + Level 7.3 Necromancy
 + Level 7.3 Translocations
 + Level 7.3 Transmutations
 + Level 7.3 Fire Magic
 + Level 7.3 Ice Magic
 + Level 7.3 Air Magic
 + Level 7.3 Earth Magic
 + Level 7.3 Poison Magic
 + Level 9.5 Invocations
 + Level 8.8 Evocations


You had 14 spell levels left.
You knew the following spells:

 Your Spells              Type           Power        Failure   Level  Hunger
a - Confuse               Hex            ###.....     19%         3    None
b - Yara's Violent Unrav  Hex/Tmut       ###.......   54%         4    ##.....
c - Metabolic Englaciati  Hex/Ice        ###.......   87%         5    ####...
d - Throw Icicle          Conj/Ice       ###.....     54%         4    ##.....

Your spell library contained the following spells:

 Spells                   Type           Power        Failure   Level  Hunger
 Throw Frost              Conj/Ice       ###...       4%          2    None
 Freeze                   Ice            ###...       6%          1    None
 Dazzling Orbs            Conj/Hex       ###....      19%         3    None
 Ozocubu's Armour         Chrm/Ice       ###.....     19%         3    None
 Ice Form                 Ice/Tmut       ###.....     54%         4    ##.....
 Petrify                  Tmut/Erth      ###.......   54%         4    ##.....
 Summon Ice Beast         Ice/Summ       ###.....     54%         4    ##.....
 Mana Rupture             Conj/Hex       ###.......   100%        7    #######


Dungeon Overview and Level Annotations

Branches:
Dungeon (10/12)            Temple (1/1) D:6            Lair (6/6) D:9
  Snake (0/3) Lair:2        Slime (0/5) Lair:5
  Swamp: Lair:2-4    Shoals: Lair:2-4    Spider: Lair:2-4       Orc: D:8-11

Altars:
Ashenzari
Cheibriados
Dithmenos
Elyvilon
Fedhas
Gozag
Hepliaklqana
Kikubaaqudgha
Lugonu
Makhleb
Nemelex Xobeh
Okawaru
Qazlal
Ru
Sif Muna
Trog
Uskayaw
Vehumet
Wu Jian
Xom
Yredelemnul
Zin
The Shining One
Jiyva

Shops:
D:4 (   D:7 *   D:9 %

Annotations:
D:3 1 runed door
D:4 1 runed translucent door, exclusion: door, yrara's ghost, amateur DsFi
D:6 Grinder
Lair:4 Kirke


Innate Abilities, Weirdness & Mutations

Your experience applies equally to all skills.
You have very sharp teeth.
Your uncanny sense of smell can sniff out nearby items.


Message History

Aim: a sea snake (severely wounded, poisoned, chance to defeat MR: 51%)
The sea snake resists with significant effort.
You feel sick.
The sea snake bites you but does no damage. x2
Evoke which item? (* to show all) (? for menu, Esc to quit)
Aiming: Charming
Press: ? - help, Shift-Dir - straight line, f/p - sea snake
Aim: a sea snake (severely wounded, poisoned, chance to defeat MR: 51%)
The sea snake resists with significant effort.
You feel very sick. The sea snake bites you!
* * * LOW HITPOINT WARNING * * *
You are more poisoned.
The sea snake poisons you!
Evoke which item? (* to show all) (? for menu, Esc to quit)
Aiming: Charming
Press: ? - help, Shift-Dir - straight line, f/p - sea snake
Aim: a sea snake (severely wounded, poisoned, chance to defeat MR: 51%)
The sea snake is charmed.
You die...

#.#..............#
###..............#
####....÷......#
#..........(.##
#.#...........#
###...........#
#####.........P##
##.###..S........##
#...(#÷.@.........#
##...÷÷[<........##.
##..............#...
#....#PP..........#
##..####.........P#
#..### ##........#
##....######....#.#
#.......## #.....#
#.#......# #...#.#


You could see a friendly sea snake.

Vanquished Creatures
  A red draconian (Volcano)
  4 hydras
  A two-headed ogre (D:8)
  5 death yaks
  Sonja (Lair:4)
  An obsidian statue (Volcano)
  A wolf spider zombie (D:10)
  Pikel (D:4)
  2 elephants (Lair:6)
  7 black mambas
  A kobold demonologist (D:10)
  5 cane toads
  A rime drake (Lair:5)
  10 komodo dragons
  A queen bee (Lair:4)
  4 tyrant leeches (Lair:3)
  A hornet (Lair:6)
  A meliai zombie (D:6)
  6 blink frogs (Lair:5)
  4 hippogriffs
  Grum (D:10)
  A shadow (D:9)
  31 yaks
  Sigmund (D:3)
  6 fire bats (Volcano)
  2 wyverns
  10 hogs
  A human (D:7)
  3 basilisks
  2 vampire mosquitoes (D:10)
  A hungry ghost (D:6)
  2 swamp worms (Lair:3)
  6 crocodiles
  4 nagas (Lair:2)
  13 porcupines
  10 water moccasins
  9 orc warriors
  2 slaves (D:4)
  3 sky beasts
  2 necrophages
  2 ice beasts
  9 ogres
  2 phantoms
  31 wolves
  A blink frog skeleton (D:10)
  Blork the orc (D:5)
  2 kobold brigands (D:9)
  18 bullfrogs
  4 centaurs
  20 killer bees
  3 scorpions
  7 wights
  An electric eel (Lair:2)
  3 orc priests
  A crimson imp (D:4)
  6 lava snakes (Volcano)
  A jelly (D:10)
  A quasit (D:7)
  A bullfrog zombie (D:6)
  4 hounds
  4 gnoll shamans (D:9)
  12 orc wizards
  5 worker ants
  2 hell rats (Lair:6)
  A killer bee zombie (D:8)
  A hound zombie (D:5)
  2 hound skeletons
  24 gnolls
  3 worker ant zombies
  9 river rats (Lair:6)
  8 adders
  4 shadow imps
  An ooze (D:3)
  An adder skeleton (D:7)
  2 dart slugs
  5 leopard geckos
  32 orcs
  4 giant cockroaches
  9 goblins
  11 hobgoblins
  17 jackals
  3 quokkas
  4 bats
  20 kobolds
  5 rats
  A fungus (Lair:6)
  A plant (D:9)
477 creatures vanquished.

Vanquished Creatures (others)
  A centaur warrior (Volcano)
  A yaktaur (Volcano)
  A slave (D:5)
  A centaur (Volcano)
  A worker ant (D:5)
  18 fungi
  26 plants
49 creatures vanquished.

Grand Total: 526 creatures vanquished

Notes
Turn   | Place    | Note
-------+----------+-------------------------------------------
     0 | D:1      | CuBeRJAN3 the Gnoll Fighter began the quest for the Orb.
     0 | D:1      | Reached XP level 1. HP: 23/23 MP: 1/1
    98 | D:1      | Reached XP level 2. HP: 29/29 MP: 2/2
   325 | D:1      | Got a heavily runed tin ring
   799 | D:2      | Reached XP level 3. HP: 34/35 MP: 3/3
   999 | D:2      | Found a shimmering blue altar of Sif Muna.
  1526 | D:3      | Identified the ring of Duothromo {+Fly rElec rF+ Str-3}
                  | (You found it on level 1 of the Dungeon)
  1564 | D:3      | Found a runed door.
  1604 | D:3      | Noticed Sigmund
  1735 | D:2      | Reached skill level 1 in Invocations
  1832 | D:2      | Reached skill level 1 in Short Blades
  1832 | D:2      | Reached skill level 1 in Long Blades
  1832 | D:2      | Reached skill level 1 in Axes
  1832 | D:2      | Reached skill level 1 in Polearms
  1832 | D:2      | Reached skill level 1 in Staves
  1832 | D:2      | Reached skill level 1 in Slings
  1832 | D:2      | Reached skill level 1 in Bows
  1832 | D:2      | Reached skill level 1 in Crossbows
  1832 | D:2      | Reached skill level 1 in Throwing
  1832 | D:2      | Reached skill level 1 in Dodging
  1832 | D:2      | Reached skill level 1 in Stealth
  1832 | D:2      | Reached skill level 1 in Unarmed Combat
  1832 | D:2      | Reached skill level 1 in Spellcasting
  1832 | D:2      | Reached skill level 1 in Evocations
  1832 | D:2      | Reached XP level 4. HP: 30/41 MP: 5/5
  2016 | D:3      | Found a shadowy altar of Dithmenos.
  2080 | D:3      | Reached skill level 1 in Conjurations
  2080 | D:3      | Reached skill level 1 in Hexes
  2080 | D:3      | Reached skill level 1 in Charms
  2080 | D:3      | Reached skill level 1 in Summonings
  2080 | D:3      | Reached skill level 1 in Necromancy
  2080 | D:3      | Reached skill level 1 in Translocations
  2080 | D:3      | Reached skill level 1 in Transmutations
  2080 | D:3      | Reached skill level 1 in Fire Magic
  2080 | D:3      | Reached skill level 1 in Ice Magic
  2080 | D:3      | Reached skill level 1 in Air Magic
  2080 | D:3      | Reached skill level 1 in Earth Magic
  2080 | D:3      | Reached skill level 1 in Poison Magic
  2511 | D:4      | Reached XP level 5. HP: 47/47 MP: 5/7
  3141 | D:4      | Noticed yrara's ghost (amateur DsFi)
  3143 | D:4      | Found a runed translucent door.
  3190 | D:4      | Found Maunaix's Antique Weapon Emporium.
  3326 | D:4      | Reached XP level 6. HP: 53/53 MP: 8/8
  3853 | D:5      | Entered Level 5 of the Dungeon
  3853 | D:5      | Noticed Pikel
  3853 | D:5      | Noticed a slave
  3853 | D:5      | Noticed a slave
  3853 | D:5      | Noticed a slave
  3853 | D:5      | Noticed a slave
  3939 | D:5      | Noticed an ice beast
  3950 | D:4      | Killed an ice beast
  3951 | D:4      | Reached skill level 5 in Maces & Flails
  4054 | D:5      | Noticed a necrophage
  4071 | D:4      | Killed a necrophage
  4072 | D:4      | Reached XP level 7. HP: 50/59 MP: 10/10
  4438 | D:4      | Killed Pikel
  4439 | D:4      | Reached XP level 8. HP: 32/67 MP: 10/12
  4552 | D:5      | Found a hazy altar of Hepliaklqana.
  4694 | D:5      | Found an iron altar of Okawaru.
  4702 | D:5      | Became a worshipper of Warmaster Okawaru
  5036 | D:3      | Found a shadowy altar of Dithmenos.
  5205 | D:3      | Found a runed door.
  5285 | D:3      | Killed Sigmund
  5741 | D:6      | Found a staircase to the Ecumenical Temple.
  6089 | D:6      | Noticed a hippogriff
  6118 | D:6      | Killed a hippogriff
  6119 | D:6      | Reached XP level 9. HP: 46/72 MP: 14/14
  6202 | Temple   | Entered the Ecumenical Temple
  6461 | D:6      | Reached * piety under Okawaru
  7146 | D:6      | Reached ** piety under Okawaru
  7179 | D:6      | Found a blossoming altar of Fedhas.
  7364 | D:6      | Noticed Blork the orc
  7367 | D:6      | Noticed Grinder
  7411 | D:5      | Killed Blork the orc
  7719 | D:7      | Reached skill level 5 in Invocations
  7777 | D:7      | Found a flagged portal.
  7792 | Bailey   | Entered a bailey
  8371 | Bailey   | Reached XP level 10. HP: 49/80 MP: 17/17
  9013 | D:7      | Reached skill level 5 in Short Blades
  9013 | D:7      | Reached skill level 5 in Long Blades
  9013 | D:7      | Reached skill level 5 in Axes
  9013 | D:7      | Reached skill level 5 in Polearms
  9013 | D:7      | Reached skill level 5 in Staves
  9013 | D:7      | Reached skill level 5 in Slings
  9013 | D:7      | Reached skill level 5 in Bows
  9013 | D:7      | Reached skill level 5 in Crossbows
  9013 | D:7      | Reached skill level 5 in Throwing
  9013 | D:7      | Reached skill level 5 in Dodging
  9013 | D:7      | Reached skill level 5 in Stealth
  9013 | D:7      | Reached skill level 5 in Unarmed Combat
  9013 | D:7      | Reached skill level 5 in Spellcasting
  9013 | D:7      | Reached skill level 5 in Evocations
  9016 | D:7      | Reached *** piety under Okawaru
  9315 | D:7      | Found Ymem Lie's General Store.
  9324 | D:7      | Bought a +0 helmet for 54 gold pieces
  9324 | D:7      | Bought a scroll of remove curse for 36 gold pieces
  9701 | D:8      | Noticed a two-headed ogre
 10293 | D:8      | Killed a two-headed ogre
 10293 | D:8      | Reached **** piety under Okawaru
 10801 | D:9      | Reached XP level 11. HP: 83/87 MP: 19/19
 11419 | D:9      | Reached ***** piety under Okawaru
 11587 | D:9      | Reached skill level 5 in Conjurations
 11587 | D:9      | Reached skill level 5 in Hexes
 11587 | D:9      | Reached skill level 5 in Charms
 11587 | D:9      | Reached skill level 5 in Summonings
 11587 | D:9      | Reached skill level 5 in Necromancy
 11587 | D:9      | Reached skill level 5 in Translocations
 11587 | D:9      | Reached skill level 5 in Transmutations
 11587 | D:9      | Reached skill level 5 in Fire Magic
 11587 | D:9      | Reached skill level 5 in Ice Magic
 11587 | D:9      | Reached skill level 5 in Air Magic
 11587 | D:9      | Reached skill level 5 in Earth Magic
 11587 | D:9      | Reached skill level 5 in Poison Magic
 11694 | D:9      | Found a staircase to the Lair.
 11855 | D:9      | Noticed an orc knight
 12075 | D:9      | Found Uxydaud's Food Boutique.
 12091 | D:9      | Found an ornate altar of the Wu Jian Council.
 12094 | D:9      | Found an iron altar of Okawaru.
 12096 | D:9      | Found a shimmering blue altar of Sif Muna.
 12625 | D:10     | Entered Level 10 of the Dungeon
 12658 | D:10     | Noticed Grum
 12798 | D:10     | Killed Grum
 13310 | D:10     | Received a gift from Okawaru
 14263 | Lair:1   | Entered Level 1 of the Lair of Beasts
 14310 | Lair:1   | Received a gift from Okawaru
 14311 | Lair:1   | Reached XP level 12. HP: 90/96 MP: 22/22
 14773 | Lair:1   | Received a gift from Okawaru
 14776 | Lair:1   | Got a distressingly furry scale mail {god gift}
 15352 | Lair:2   | Found a staircase to the Snake Pit.
 15519 | Lair:2   | Noticed a death yak
 15819 | Lair:3   | Found a dark tunnel.
 15831 | Volcano  | Entered a volcano
 16098 | Volcano  | Noticed a centaur warrior
 16102 | Volcano  | Noticed a red draconian
 16103 | Volcano  | Found a burning altar of Makhleb.
 16218 | Volcano  | Killed a centaur warrior
 16329 | Volcano  | Killed a red draconian
 16419 | Volcano  | Reached skill level 10 in Fighting
 16419 | Volcano  | Reached skill level 10 in Armour
 16419 | Volcano  | Reached skill level 10 in Shields
 16623 | Lair:3   | Noticed a six-headed hydra
 16629 | Lair:3   | Killed a six-headed hydra
 16814 | Lair:3   | Reached XP level 13. HP: 27/103 MP: 24/24
 17446 | Lair:3   | Noticed a fire dragon
 17571 | Lair:4   | Got a pair of spiked boots
 17586 | Lair:4   | Identified the +1 pair of boots "Xunyx" {+Inv rElec Str-2}
                  | (You found it on level 4 of the Lair of Beasts)
 17821 | Lair:3   | Received a gift from Okawaru
 18006 | Lair:4   | Noticed Kirke
 18227 | Lair:4   | Noticed Sonja
 18309 | Lair:4   | Killed Sonja
 18346 | Lair:4   | Reached ****** piety under Okawaru
 18505 | Lair:4   | Noticed a sphinx
 19112 | Lair:5   | Received a gift from Okawaru
 19292 | Lair:5   | Found a viscous altar of Jiyva.
 19301 | Lair:5   | Found a staircase to the Slime Pits.
 19405 | Lair:5   | Learned a level 3 spell: Confuse
 19415 | Lair:5   | Learned a level 4 spell: Yara's Violent Unravelling
 19421 | Lair:5   | Learned a level 5 spell: Metabolic Englaciation
 19426 | Lair:5   | Learned a level 4 spell: Throw Icicle
 20146 | Lair:6   | Entered Level 6 of the Lair of Beasts
 20323 | Lair:6   | Reached XP level 14. HP: 111/111 MP: 26/26
 20338 | Lair:6   | Received a gift from Okawaru
 20564 | Lair:6   | HP: 5/111 [poisoned by a sea snake]
 20569 | Lair:6   | HP: 2/111 [sea snake (13)]
 20570 | Lair:6   | Succumbed to a sea snake's poison

Skill      XL: |  1  2  3  4  5  6  7  8  9 10 11 12 13 |
---------------+----------------------------------------+-----
Invocations    | 1 2 3 4 5 6 7 8 9 |  9.5
Short Blades   | 1 2 3 4 5 6 7 8 |  8.8
Long Blades    | 1 2 3 4 5 6 7 8 |  8.8
Axes           | 1 2 3 4 5 6 7 8 |  8.8
Polearms       | 1 2 3 4 5 6 7 8 |  8.8
Staves         | 1 2 3 4 5 6 7 8 |  8.8
Slings         | 1 2 3 4 5 6 7 8 |  8.8
Bows           | 1 2 3 4 5 6 7 8 |  8.8
Crossbows      | 1 2 3 4 5 6 7 8 |  8.8
Throwing       | 1 2 3 4 5 6 7 8 |  8.8
Dodging        | 1 2 3 4 5 6 7 8 |  8.8
Stealth        | 1 2 3 4 5 6 7 8 |  8.8
Unarmed Combat | 1 2 3 4 5 6 7 8 |  8.8
Spellcasting   | 1 2 3 4 5 6 7 8 |  8.8
Evocations     | 1 2 3 4 5 6 7 8 |  8.8
Conjurations   | 1 2 3 4 5 6 7 |  7.3
Hexes          | 1 2 3 4 5 6 7 |  7.3
Charms         | 1 2 3 4 5 6 7 |  7.3
Summonings     | 1 2 3 4 5 6 7 |  7.3
Necromancy     | 1 2 3 4 5 6 7 |  7.3
Translocations | 1 2 3 4 5 6 7 |  7.3
Transmutations | 1 2 3 4 5 6 7 |  7.3
Fire Magic     | 1 2 3 4 5 6 7 |  7.3
Ice Magic      | 1 2 3 4 5 6 7 |  7.3
Air Magic      | 1 2 3 4 5 6 7 |  7.3
Earth Magic    | 1 2 3 4 5 6 7 |  7.3
Poison Magic   | 1 2 3 4 5 6 7 |  7.3
Maces & Flails | 5 6 7 8 9 |  9.9
Fighting       | 7 8 9 10 | 10.8
Armour         | 7 8 9 10 | 10.8
Shields        | 7 8 9 10 | 10.8

Action                   |  1- 3 |  4- 6 |  7- 9 | 10-12 | 13-15 || total
-------------------------+-------+-------+-------+-------+-------++-------
Melee: Flail             |    90 |   128 |   283 |   188 |       ||   689
       Bite              |    12 |    15 |    37 |   105 |    37 ||   206
       Mace              |       |       |       |   399 |       ||   399
       Lajatang          |       |       |       |    35 |   223 ||   258
       Executioner's axe |       |       |       |       |   112 ||   112
Throw: Tomahawk          |       |       |    27 |   346 |   204 ||   577
       Throwing net      |       |       |       |       |     1 ||     1
 Cast: Throw Icicle      |       |       |       |       |     6 ||     6
Invok: Finesse           |       |       |       |     2 |       ||     2
       Heroism           |       |       |       |     1 |       ||     1
Evoke: Wand              |       |       |       |     4 |     7 ||    11
       Phantom mirror    |       |       |       |       |     1 ||     1
  Use: Scroll            |     2 |     5 |     2 |    10 |     9 ||    28
       Potion            |       |       |     1 |     7 |     2 ||    10
 Stab: Sleeping          |       |       |     1 |     1 |       ||     2
  Eat: Chunk             |     5 |    12 |    16 |    45 |    19 ||    97
       Ration            |       |       |     2 |     3 |     2 ||     7
Armor: Scale mail        |    27 |    58 |    83 |    21 |       ||   189
       Plate armour      |       |       |       |   292 |   290 ||   582
       Skin              |       |       |       |       |     5 ||     5
Dodge: Dodged            |    18 |    37 |   105 |   168 |   329 ||   657
       Deflected         |       |       |       |     7 |     3 ||    10
Block: Medium shield     |    41 |    86 |   203 |   471 |       ||   801
